 Dungeon Crawl Stone Soup version 0.22.1-6-g1668fe2 (webtiles) character file.

1531 marthius the Chopper (level 8, -4/73 HPs)
             Began as a Hill Orc Fighter on Jan 16, 2019.
             Shot with an arrow by a centaur (7 damage)
             ... on level 6 of the Dungeon on Jan 17, 2019.
             The game lasted 00:21:03 (6306 turns).

marthius the Chopper (Hill Orc Fighter)             Turns: 6306, Time: 00:21:04

Health: -4/73      AC: 14    Str: 19    XL:     8   Next: 85%
Magic:  9/9        EV:  5    Int:  8    God:
Gold:   430        SH: 10    Dex: 12    Spells: 7/7 levels left

rFire    . . .     SeeInvis .   y - +2 hand axe (freeze)
rCold    . . .     Gourm    .   c - +0 shield
rNeg     . . .     Faith    .   d - +0 chain mail
rPois    .         Spirit   .   (no helmet)
rElec    .         Reflect  .   (no cloak)
rCorr    .         Harm     .   k - +0 pair of gloves
MR       .....                  p - +2 pair of boots
Stlth    ..........             (no amulet)
HPRegen  0.22/turn              n - ring of flight
MPRegen  0.11/turn              (no ring)

@: no status effects
A: no striking features
a: Evoke Flight


You were on level 6 of the Dungeon.
You were very hungry.

You visited 1 branch of the dungeon, and saw 6 of its levels.
You also visited: Ossuary.

You collected 485 gold pieces.
You spent 55 gold pieces at shops.

Inventory:

Hand Weapons
 a - a +0 war axe
 o - a +0 long sword of flaming
 t - a +0 flail of protection
 x - a +3 whip of flaming
 y - a +2 hand axe of freezing (weapon)
Missiles
 g - 4 tomahawks
 i - 98 stones (quivered)
Armour
 c - a +0 shield (worn)
 d - a +0 chain mail (worn)
 k - a +0 pair of gloves (worn)
 p - a +2 pair of boots (worn)
 s - a +1 scale mail
Jewellery
 m - an uncursed ring of wizardry
 n - a ring of flight (left hand)
 C - an uncursed ring of fire {unknown}
Wands
 b - a wand of random effects (23)
 z - a wand of flame (29)
 E - a wand of paralysis (8)
Scrolls
 e - 4 scrolls of identify
 j - 2 scrolls of fear
 r - 3 scrolls of remove curse
 u - 3 scrolls of amnesia
 w - a scroll of summoning {unknown}
 A - a scroll of magic mapping {unknown}
 G - a scroll of enchant armour
Potions
 h - 4 potions of magic
 q - a potion of haste {unknown}
 v - 2 potions of curing
 B - 4 potions of degeneration {unknown}
 D - a potion of heal wounds {unknown}
 F - a potion of agility {unknown}
 H - a potion of resistance {unknown}
Comestibles
 f - 6 rations


   Skills:
 + Level 7.4 Fighting
 + Level 7.5 Axes
 + Level 1.6 Throwing
 - Level 6.2 Armour
 - Level 6.3 Shields
 + Level 1.8 Evocations


You had 7 spell levels left.
You didn't know any spells.
Your spell library was empty.

Dungeon Overview and Level Annotations

Branches:
Dungeon (6/15)             Temple (0/1) D:5

Altars:
Dithmenos
Kikubaaqudgha

Shops:
D:4 %

Annotations:
D:3 3 runed doors, microfolk's ghost, amateur OpWz
D:6 Grinder


Message History

Grinder hits you but does no damage. x3
The centaur shoots an arrow.
The arrow hits you but does no damage. Grinder hits you but does no damage.
You can move again.
As you read the scroll of teleportation, it crumbles to dust.
You feel strangely unstable. Grinder hits you but does no damage.
The centaur shoots an arrow.
The arrow hits you but does no damage.
The centaur shoots an arrow.
The arrow hits you.
* * * LOW HITPOINT WARNING * * *
You see here an arrow.
The centaur shoots an arrow.
The arrow hits you.
* * * LOW HITPOINT WARNING * * *
Grinder gestures at you. Pain shoots through your body!
* * * LOW HITPOINT WARNING * * *
You see here an arrow.
Your surroundings suddenly seem different.
You start resting.
The centaur shoots an arrow.
The arrow hits you!
You die...

########
......######
...........
..........
.........
#........
#@........ .
#........ ..
##....#(#### .<.
#....#.... #...
#.......###
##...##..(.......
.............(.##
###.##c#...(....
##...##.#.....##.


You could see a centaur.

Vanquished Creatures
  2 ice beasts
  A phantom (D:6)
  2 ogres (D:4)
  2 centaurs (D:5)
  Blork the orc (D:4)
  2 scorpions (D:5)
  A crimson imp (D:5)
  2 hounds
  A gnoll shaman (D:3)
  4 orc wizards
  Natasha (thrice) (D:2)
  3 worker ants
  A hound skeleton (D:5)
  9 mummies
  12 adders
  3 gnolls (D:3)
  A shadow imp (D:4)
  An ooze (D:4)
  A worm (D:2)
  2 leopard geckos
  16 orcs
  7 giant cockroaches
  3 gnoll zombies (Ossuary)
  4 goblins
  6 hobgoblins
  8 jackals
  8 kobolds
  4 quokkas
  A ball python (D:3)
  11 bats
  4 frilled lizards
  A hobgoblin zombie (Ossuary)
  A jackal skeleton (D:5)
  A kobold zombie (Ossuary)
  3 orc zombies (Ossuary)
  A quokka skeleton (D:5)
  12 rats
145 creatures vanquished.

Vanquished Creatures (others)
  2 fungi (D:3)
  2 plants (D:3)
4 creatures vanquished.

Grand Total: 149 creatures vanquished

Notes
Turn   | Place    | Note
-------+----------+-------------------------------------------
     0 | D:1      | marthius the Hill Orc Fighter began the quest for the Orb.
     0 | D:1      | Reached XP level 1. HP: 19/19 MP: 1/1
    74 | D:1      | Reached XP level 2. HP: 24/27 MP: 2/2
   849 | D:2      | Reached XP level 3. HP: 33/33 MP: 3/3
  1005 | D:2      | Noticed Natasha
  1022 | D:2      | Killed Natasha
  1022 | D:2      | Reached XP level 4. HP: 4/40 MP: 4/4
  1469 | D:2      | Noticed Natasha
  1479 | D:2      | Killed Natasha
  1879 | D:2      | Reached XP level 5. HP: 45/47 MP: 5/5
  2262 | D:2      | Noticed Natasha
  2269 | D:2      | Killed Natasha
  2708 | D:3      | Found a runed gate.
  2728 | D:3      | Noticed a big kobold
  2730 | D:3      | Found a runed gate.
  2730 | D:3      | Noticed microfolk's ghost (amateur OpWz)
  2733 | D:3      | Found a runed gate.
  2894 | D:3      | Reached skill level 5 in Fighting
  2895 | D:3      | Reached XP level 6. HP: 56/56 MP: 6/6
  3855 | D:4      | Found Tesuneiz's Food Shop.
  3855 | D:4      | Noticed Blork the orc
  3868 | D:4      | Killed Blork the orc
  3868 | D:4      | Reached skill level 5 in Axes
  3895 | D:4      | Bought a ration for 55 gold pieces
  4146 | D:4      | Reached skill level 5 in Shields
  4151 | D:4      | Reached skill level 5 in Armour
  4205 | D:4      | Reached XP level 7. HP: 34/62 MP: 7/7
  4531 | D:4      | Found a shadowy altar of Dithmenos.
  4778 | D:5      | Entered Level 5 of the Dungeon
  4870 | D:5      | Reached XP level 8. HP: 55/71 MP: 8/8
  4885 | D:5      | Paralysed by an orc wizard for 3 turns
  4891 | D:5      | Paralysed by an orc wizard for 7 turns
  5276 | D:5      | Found an ancient bone altar of Kikubaaqudgha.
  5292 | D:5      | Found a sand-covered staircase.
  5305 | Ossuary  | Entered an ossuary
  5823 | D:5      | Found a staircase to the Ecumenical Temple.
  6088 | D:5      | Reached skill level 1 in Evocations
  6210 | D:6      | Reached skill level 1 in Throwing
  6261 | D:6      | Noticed Grinder
  6283 | D:6      | Paralysed by Grinder for 3 turns
  6288 | D:6      | Paralysed by Grinder for 7 turns
  6297 | D:6      | HP: 1/73 [Grinder/nerve-wracking pain (3)]
  6306 | D:6      | Shot with an arrow by a centaur

Skill      XL: |  1  2  3  4  5  6  7  8 |
---------------+-------------------------+-----
Axes           | 3 4 5 6 7 |  7.5
Fighting       | 4 5 6 7 |  7.4
Armour         | 4 5 6 |  6.2
Shields        | 4 5 6 |  6.3
Evocations     | 1 |  1.8
Throwing       | 1 |  1.6

Action                   |  1- 3 |  4- 6 |  7- 9 || total
-------------------------+-------+-------+-------++-------
Melee: War axe           |   113 |   153 |       ||   266
       Hand axe          |       |    72 |   227 ||   299
Throw: Stone             |    35 |   106 |   115 ||   256
  Use: Scroll            |       |    11 |     2 ||    13
       Potion            |       |     1 |       ||     1
  Eat: Chunk             |     1 |     4 |     5 ||    10
       Ration            |       |     2 |       ||     2
Armor: Scale mail        |    56 |    97 |     1 ||   154
       Chain mail        |       |       |   101 ||   101
Dodge: Dodged            |    35 |    54 |    40 ||   129
Block: Shield            |    50 |   115 |    85 ||   250
